 Dungeon Crawl Stone Soup version 0.31-a0-845-g9abc20d24f (webtiles) character file.

Game seed: 10701097188159638332

352 BinkBink the Trooper (level 6, -4/48 HPs)
             Began as a Demonspawn Fighter on Sept 30, 2023.
             Was a Priest of Trog.
             Slain by Edmund
             ... wielding a +5 dire flail of holy wrath
              (8 damage)
             ... on level 4 of the Dungeon.
             The game lasted 00:07:05 (3570 turns).

BinkBink the Trooper (Demonspawn Fighter)           Turns: 3570, Time: 00:07:06

Health: -4/48      AC: 18    Str: 18    XL:     6   Next: 35%
Magic:  6/6        EV:  5    Int:  9    God:    Trog [***...]
Gold:   166        SH:  9    Dex: 13    Spells: 5/5 levels left

rFire   . . .        a - +0 trident
rCold   . . .        c - +0 buckler
rNeg    . . .        i - +0 plate armour
rPois   .            o - +0 helmet
rElec   .            (no cloak)
rCorr   .            (no gloves)
SInv    .            (no boots)
Will    .....        (no amulet) Stlth
                     (no ring)
HPRegen 0.28/turn    (no ring)
MPRegen 0.20/turn

%: no passive effects
@: sanguine armoured
A: hooves 2, magic regeneration, sanguine armour 1, condensation shield
a: Renounce Religion, Berserk, Trog's Hand


You were on level 4 of the Dungeon.
You worshipped Trog.
Trog was most pleased with you.
You visited 1 branch of the dungeon, and saw 4 of its levels.

You collected 166 gold pieces.

Inventory:

Hand Weapons
 a - a +0 trident (weapon)
Armour
 c - a +0 buckler (worn)
 i - a +0 plate armour (worn)
 o - a +0 helmet (worn)
Scrolls
 b - 2 scrolls of immolation {unknown}
 e - a scroll of teleportation
 g - a scroll of amnesia {unknown}
 h - a scroll of fog
 j - 2 scrolls of enchant armour
 r - 2 scrolls of identify
Potions
 f - a potion of curing
 k - 2 potions of attraction {unknown}
 l - a potion of haste {unknown}
 m - a potion of enlightenment {unknown}
 n - a potion of brilliance {unknown}
 p - a potion of berserk rage {unknown}
 q - a potion of resistance {unknown}


   Skills:
 + Level 4.1 Fighting
 * Level 4.1 Polearms
 + Level 3.7 Armour
 + Level 3.8 Shields


You had 5 spell levels left.
You didn't know any spells.
Your spell library was empty.

Dungeon Overview and Level Annotations

Branches:
Dungeon (4/15)
 Temple: D:4-7

Altars:
Trog

Portals:
Sewer: D:4

Annotations:
D:4 Dowan, Edmund


Innate Abilities, Weirdness & Mutations

You have hoof-like feet.
You regenerate magic rapidly.
When seriously injured, your blood forms armour. (AC +6)
A meltable shield of frost defends you. (SH +4)


Message History

You kill the worm!
Trog accepts your kill.
You reach to attack!
You hit Edmund.
Edmund is lightly wounded.
Edmund barely misses you.
You hit Edmund. You kick Edmund.
Edmund is moderately wounded.
Edmund hits you with a +5 dire flail of holy wrath!
Your blood congeals into armour.
You convulse!
You are too injured to fight recklessly!
You are too injured to fight recklessly!
You hit Edmund. Your kick misses Edmund.
Edmund is moderately wounded.
Edmund hits you but does no damage.
You barely miss Edmund. You kick Edmund.
Edmund is heavily wounded.
Edmund hits you but does no damage.
You hit Edmund.
Edmund is heavily wounded.
You block Edmund's attack.
You hit Edmund but do no damage. Your kick misses Edmund.
Edmund is heavily wounded.
Edmund says, "You wouldn't believe how much I paid for this flail."
Edmund hits you but does no damage.
You puncture Edmund! Your kick misses Edmund.
Edmund is severely wounded.
Edmund closely misses you.
You hit Edmund.
Edmund is severely wounded.
Edmund hits you with a +5 dire flail of holy wrath!
* * * LOW HITPOINT WARNING * * *
You convulse.
* * * LOW HITPOINT WARNING * * *
You closely miss Edmund.
Edmund is severely wounded.
Edmund hits you with a +5 dire flail of holy wrath!
* * * LOW HITPOINT WARNING * * *
You convulse!
You die...
Edmund whines, "They better pay attention to me now!"

#.......####.#######
#.......####.###
#.>.....#......###
#.......+..........
##.......#......####
#...............#
..##~~≈≈~##....$#
.##≈≈~~~##.#####
.≈~....@~~.#
#.~~...@.≈~.#
..~...∩..~~.#
#.~~.....~~.#
#[~~.....~~.#
~##≈~~≈≈##.# #~~~~~#
.# ###### ....... .#
#§§..#


You could see Edmund.

Vanquished Creatures
  Duvessa (D:4)
  An orc priest (D:2)
  A sleepcap (D:3)
  An orc wizard (D:4)
  A gnoll (D:3)
  6 adders
  2 worms
  3 dart slugs
  11 orcs
  7 endoplasms
  2 giant cockroaches
  3 goblins
  5 hobgoblins
  4 jackals (D:1)
  4 quokkas
  6 ball pythons
  4 bats
  11 frilled lizards
  3 kobolds
  9 rats
85 creatures vanquished.

Notes
Turn   | Place    | Note
-------+----------+-------------------------------------------
     0 | D:1      | BinkBink the Demonspawn Fighter began the quest for the
                  | Orb.
     0 | D:1      | Reached XP level 1. HP: 18/18 MP: 1/1
   151 | D:1      | Gained mutation: You have large cloven feet. [demonic
                  | ancestry]
   151 | D:1      | Reached XP level 2. HP: 23/24 MP: 2/2
   216 | D:1      | Found a faded altar of an unknown god.
   239 | D:1      | Prayed at the altar of an unknown god.
   239 | D:1      | Became a worshipper of Trog the Wrathful
   239 | D:1      | Reached * piety under Trog
  1177 | D:2      | Gained mutation: You regenerate magic rapidly. [demonic
                  | ancestry]
  1177 | D:2      | Reached XP level 3. HP: 29/29 MP: 3/3
  1391 | D:2      | Reached ** piety under Trog
  1406 | D:2      | Found Paomech's Assorted Antiques.
  1491 | D:2      | Gained mutation: A meltable shield of frost defends you.
                  | (SH +4) [demonic ancestry]
  1491 | D:2      | Reached XP level 4. HP: 35/35 MP: 4/4
  2268 | D:3      | Gained mutation: You have hoof-like feet. [demonic
                  | ancestry]
  2268 | D:3      | Reached XP level 5. HP: 42/42 MP: 5/5
  3292 | D:4      | Reached *** piety under Trog
  3416 | D:4      | Noticed Dowan
  3417 | D:4      | Noticed Duvessa
  3440 | D:4      | Noticed a black bear
  3441 | D:4      | Killed Duvessa
  3442 | D:4      | Gained mutation: When seriously injured, your blood forms
                  | armour. (AC +6) [demonic ancestry]
  3442 | D:4      | Reached XP level 6. HP: 20/48 MP: 6/6
  3549 | D:4      | Found a glowing drain.
  3557 | D:4      | Noticed Edmund
  3570 | D:4      | Slain by Edmund

Illustrated notes

Levels and vault maps discovered:
D:1:      tarquinn_simple_flora_water_b, layout_basic,
          shapermc_ecumenical_altar_ellora
D:2:      cheibrodos_pilgrimage, layout_basic, serial_shops,
          nicolae_shop_dealshenge, minmay_hedge_maze, mrwooster_statue_mirror,
          minmay_misc_feat_plants, minmay_lizard_pond
D:3:      wad_river_or_something, layout_basic, skrybe_limestone_x
D:4:      layout_basic, nicolae_overflow_macrodata_refinement,
          cheibrodos_sewer_entry_sluice, uniq_duvessa, uniq_edmund

Skill      XL: |  1  2  3  4  5 |
---------------+----------------+-----
Polearms       | 2 3 4 |  4.1
Armour         | 3 |  3.7
Shields        | 3 |  3.8
Fighting       | 4 |  4.1

Action                     |  1- 3 |  4- 6 || total
---------------------------+-------+-------++-------
  Melee: Trident           |   130 |   158 ||   288
         Kick              |    21 |    30 ||    51
    Use: Potion            |       |     2 ||     2
         Scroll            |       |     3 ||     3
 Armour: Scale mail        |    38 |       ||    38
         Plate armour      |    46 |   103 ||   149
  Dodge: Dodged            |    31 |    21 ||    52
  Block: Buckler           |    26 |    47 ||    73

Table legend: (Time is in decaauts)
 A = Elapsed time spent in this place.
 B = Non-inter-level travel time spent in this place.
 C = Inter-level travel time spent in this place.
 D = Time resting spent in this place.
 E = Time spent auto-exploring this place.
 F = Levels seen in this place.
 G = Mean time per level.
                   A        B        C        D        E       F      G
               +--------+--------+--------+--------+--------+-----+--------+
         Total |   3628 |   3497 |    131 |     51 |   2681 |   4 |  907.0 |
       Dungeon |   3628 |   3497 |    131 |     51 |   2681 |   4 |  907.0 |
               +--------+--------+--------+--------+--------+-----+--------+

Top non-repeatable levels by time:
     D:3: 1199 daAuts
     D:1: 1118 daAuts
     D:2: 993 daAuts
     D:4: 317 daAuts
